 Dungeon Crawl Stone Soup version 0.30.1-3-gfc49f6343a (webtiles) character file.

Game seed: 14930477806582464201

5880 LynnLen the Covert (level 10, -8/44 HPs)
             Began as a Spriggan Enchanter on Aug 5, 2023.
             Shot with an arrow by a centaur warrior (12 damage)
             ... on level 8 of the Dungeon.
             The game lasted 00:44:59 (13016 turns).

LynnLen the Covert (Spriggan Enchanter)            Turns: 13016, Time: 00:45:00

Health: -8/44      AC:  8    Str:  4    XL:     10   Next: 52%
Magic:  16/21      EV: 27    Int: 20    God:
Gold:   941        SH:  0    Dex: 17    Spells: 9/23 levels left

rFire   . . .        a - +4 dagger (protect)
rCold   . . .        (no shield)
rNeg    . . .        b - +0 robe
rPois   .            (helmet restricted)
rElec   .            h - +1 cloak {Stlth+}
rCorr   .            (gloves unavailable)
SInv    +            (boots unavailable)
Will    +....        (no amulet)
Stlth   ++++++       k - +4 ring of protection
HPRegen 0.27/turn    o - +5 ring of evasion
MPRegen 0.17/turn

%: no passive effects
@: invisible, very quick
A: very small, no large weapons, unfitting armour, see invisible, speed 3
a: no special abilities


You were on level 8 of the Dungeon.
You visited 2 branches of the dungeon, and saw 9 of its levels.
You also visited: Ossuary and Bailey.

You collected 941 gold pieces.

Inventory:

Hand Weapons
 a - a +4 dagger of protection (weapon)
Missiles
 z - 35 poisoned darts
 E - 10 throwing nets
Armour
 b - a +0 robe (worn)
 h - a +1 cloak of stealth (worn)
Jewellery
 i - a ring of willpower
 k - a +4 ring of protection (left hand)
 o - a +5 ring of evasion (right hand)
 A - a ring of poison resistance
 D - a ring of wizardry
 O - a ring of positive energy
Wands
 x - a wand of roots (14)
 C - a wand of charming (9)
 L - a wand of polymorph (13)
Scrolls
 f - 2 scrolls of fog
 j - 3 scrolls of immolation
 l - 3 scrolls of amnesia
 m - 2 scrolls of vulnerability
 q - 2 scrolls of torment
 s - 7 scrolls of teleportation
 t - a scroll of blinking
 y - a scroll of brand weapon
 B - a scroll of poison
 I - a scroll of fear {unknown}
 M - a scroll of magic mapping
 N - a scroll of butterflies
Potions
 c - 3 potions of invisibility
 d - 2 potions of curing
 e - 2 potions of ambrosia
 g - 2 potions of lignification
 n - a potion of might
 p - a potion of berserk rage {unknown}
 r - 2 potions of attraction
 u - 5 potions of mutation
 v - a potion of haste
 F - a potion of resistance {unknown}
 G - 2 potions of heal wounds {unknown}
 H - a potion of experience {unknown}
 J - a potion of magic {unknown}
 K - a potion of flight {unknown}
Miscellaneous
 w - a lightning rod (4/4)


   Skills:
 + Level 6.0 Short Blades
 + Level 7.8 Dodging
 + Level 10.0 Stealth
 + Level 7.2 Spellcasting
 - Level 8.0 Hexes
 - Level 4.0 Ice Magic
 * Level 5.0 Air Magic
 * Level 5.6 Poison Magic


You had 9 spell levels left.
You knew the following spells:

 Your Spells              Type           Power      Damage    Failure   Level
a - Ensorcelled Hibernat  Hex/Ice        62%        N/A       1%          2
b - Confusing Touch       Hex            39%        N/A       1%          3
c - Tukima's Dance        Hex            39%        N/A       1%          3
d - Olgreb's Toxic Radia  Pois           29%        N/A       9%          4
e - Poisonous Vapours     Pois/Air       56%        N/A       1%          2

Your spell library contained the following spells:

 Spells                   Type           Power      Damage    Failure   Level
 Sting                    Tmut/Pois      72%        1d6       3%          1
 Dazzling Flash           Conj/Hex       46%        N/A       5%          3


Dungeon Overview and Level Annotations

Branches:
Dungeon (8/15)             Temple (1/1) D:4         Ossuary (visited)
 Bailey (visited)
   Lair: D:8-11

Altars:
Cheibriados
Elyvilon
Hepliaklqana
Makhleb
Nemelex Xobeh
Okawaru
Sif Muna
Trog
Uskayaw
Vehumet
Wu Jian
Yredelemnul
The Shining One

Shops:
D:8 =

Annotations:
D:6 2 transporters, spardeous's ghost, novice DgCj
D:7 1 runed translucent door, sleevener's ghost, novice DjCj


Innate Abilities, Weirdness & Mutations

You are very small and have problems with some larger weapons.
You are too small for most types of armour.
You have supernaturally acute eyesight. (SInv)
You cover ground extremely quickly. (Speed+++)


Message History

You kill the kobold brigand!
z - 35 poisoned darts (gained 6)
You see here a +0 dagger.
The acid dragon roars!
You hear a shout! x3
A centaur warrior comes into view. It is wielding a +0 mace.
Aiming: Ensorcelled Hibernation (safe; 1% risk of failure)
Press: ? - help, Q - select action, (/) - cycle Shift-Dir - straight line, f - acid dragon
Aim: an acid dragon (chance to affect: 61%)
The acid dragon looks drowsy...
Unknown command.
The helpless acid dragon fails to defend itself.
You spit the acid dragon like a pig!!!
Your weapon exudes an aura of protection.
You kill the acid dragon!
The acid dragon scales are intact enough to wear.
The centaur warrior unwields a +0 mace.
The centaur warrior wields a +0 longbow.
The centaur warrior shoots an arrow.
The arrow misses you.
Your Air Magic skill increases to level 5!
Aiming: Ensorcelled Hibernation (safe; 1% risk of failure)
Press: ? - help, Q - select action, (/) - cycle Shift-Dir - straight line, f - centaur warrior
Aim: a centaur warrior, wielding a +0 longbow and wearing a ring of protection from fire (chance to affect: 43%)
The centaur warrior resists with some effort.
The centaur warrior shoots an arrow.
The arrow misses you.
A kobold brigand comes into view.
It is wielding a +0 club and quivering curare-tipped darts.
Aiming: Ensorcelled Hibernation (safe; 1% risk of failure)
Press: ? - help, Q - select action, (/) - cycle Shift-Dir - straight line, f/p - centaur warrior
Aim: a centaur warrior, wielding a +0 longbow and wearing a ring of protection from fire (chance to affect: 43%)
The centaur warrior resists with some effort.
The centaur warrior shoots an arrow.
The arrow hits you!
The centaur warrior shoots an arrow.
The arrow hits you!!
Ouch! That really hurt!
* * * LOW HITPOINT WARNING * * *
Okay, then.
Blink to where?
Press: ? - help, Dir - move target, p - centaur warrior
As you read the scroll of blinking, it crumbles to dust.
You fade into invisibility!
The centaur warrior shoots an arrow.
The arrow hits you!
You die...

**,<,,*,,* #..###.###############
**,,,,*,,**#..#8.8.8#,,,,,*,,,,,#
**,,,**,,,..,,#.8.8.#,*,*,*,*,*,#
**,,,**,,##,,,#8.8.8#,,,,,,**,**#
,,,,,,,,,**,,,#.8.8.#,***,*,*,*,#
**,,,**,,**,,,#8.8.8#,,,,,*,,,,,#
*,,,**,,**,,,###.###**,*****,**#
*,,,**,,,,,,,#...#[#,,,,,**^** #
*,,,**,,**,,,##@..)#,,,,,*,*,**#
*,,,**,,,,,,,#....##,,,,,****,*#
*******,**,,,#.#...#,,,,,* **,#
*,,,,,,,,#...#)#,,,,,* **,*#
*******,**,,,###.###********,**#
*,,,,**,**,,,*,#ยง#,*,,**,*,*,,,#
*,,,,**,**,,,*,#c#,**,,,,*,*,*,#
*,,,,,,,,,,,,*,#K#,,*,*,*,,*,*,#
*,,,,*****,,,*,#.#,*,,,,**,*,*,#


You could see a centaur warrior (unable to see you) and a kobold brigand (unable
to see you).

Vanquished Creatures
  A manticore (D:6)
  Grinder (D:4)
  A wyvern (D:7)
  Eustachio (D:4)
  Grum (D:5)
  A steam dragon (D:7)
  Edmund (D:4)
  An acid dragon (D:8)
  A water moccasin (D:8)
  An ice beast (D:5)
  An ogre (D:5)
  3 sky beasts
  3 wolves (Bailey)
  3 centaurs
  2 kobold brigands
  3 bullfrogs
  7 gnoll sergeants
  4 scorpions
  2 wights (D:8)
  2 howler monkeys (D:8)
  A centaur zombie (Ossuary)
  A human zombie (Ossuary)
  3 orc priests
  6 gnoll boudas
  11 hounds
  2 iguanas
  3 jellies
  2 sleepcaps
  3 orc wizards (D:6)
  6 mummies (Ossuary)
  35 gnolls
  10 adders
  A shadow imp (D:8)
  2 worms
  3 dart slugs
  17 orcs
  3 bats
  6 endoplasms
  4 giant cockroaches
  2 gnoll zombies (Ossuary)
  3 goblins
  8 hobgoblins
  8 jackals
  15 kobolds
  7 quokkas
  14 ball pythons
  6 frilled lizards
  2 hobgoblin zombies (Ossuary)
  2 kobold zombies (Ossuary)
  7 rats
233 creatures vanquished.

Vanquished Creatures (collateral kills)
  An orc warrior (D:8)
  A wolf (Bailey)
  A kobold brigand (D:8)
  4 gnoll sergeants (Bailey)
  3 wights (D:8)
  2 gnoll boudas (Bailey)
  8 gnolls
  An orc (D:8)
21 creatures vanquished.

Vanquished Creatures (others)
  4 dancing weapons
4 creatures vanquished.

Grand Total: 258 creatures vanquished

Notes
Turn   | Place    | Note
-------+----------+-------------------------------------------
     0 | D:1      | LynnLen the Spriggan Enchanter began the quest for the Orb.
     0 | D:1      | Reached XP level 1. HP: 9/9 MP: 5/5
   495 | D:1      | Reached XP level 2. HP: 13/13 MP: 6/6
  1205 | D:1      | You fall into a shaft and drop 1 floor!
  1451 | D:1      | Reached XP level 3. HP: 16/16 MP: 8/8
  1465 | D:1      | Learned a level 2 spell: Ensorcelled Hibernation
  1469 | D:1      | Learned a level 3 spell: Confusing Touch
  1473 | D:1      | Learned a level 3 spell: Tukima's Dance
  2128 | D:2      | Reached skill level 5 in Stealth
  2290 | D:2      | Found a hide-covered altar of Uskayaw.
  2384 | D:2      | Reached XP level 4. HP: 21/21 MP: 7/9
  2929 | D:2      | Reached skill level 1 in Ice Magic
  3363 | D:3      | Reached XP level 5. HP: 24/24 MP: 11/11
  3458 | D:3      | Reached skill level 5 in Hexes
  4194 | D:3      | Noticed a centaur
  4202 | D:3      | Killed a centaur
  4203 | D:3      | Reached XP level 6. HP: 28/28 MP: 9/12
  4329 | D:4      | Noticed Edmund
  4747 | D:4      | Noticed Grinder
  4815 | D:4      | Killed Grinder
  4816 | D:4      | Reached skill level 6 in Stealth
  4816 | D:4      | Reached XP level 7. HP: 24/32 MP: 4/14
  5002 | D:4      | Noticed Eustachio
  5023 | D:4      | Found a staircase to the Ecumenical Temple.
  5033 | Temple   | Entered the Ecumenical Temple
  5578 | D:4      | Killed Eustachio
  5706 | D:4      | Killed Edmund
  5857 | D:5      | Entered Level 5 of the Dungeon
  5937 | D:5      | Reached XP level 8. HP: 36/36 MP: 11/16
  5971 | D:5      | Noticed Grum
  5974 | D:5      | Killed Grum
  5975 | D:5      | Reached skill level 5 in Dodging
  5975 | D:5      | Reached skill level 7 in Stealth
  6084 | D:5      | Found an iron altar of Okawaru.
  6181 | D:5      | Noticed a +0 spear
  6182 | D:5      | Noticed a +0 short sword
  6183 | D:5      | Noticed a +0 spear
  6183 | D:5      | Noticed a +0 short sword
  6184 | D:5      | Noticed a +0 falchion
  6184 | D:5      | Noticed a +0 dagger
  6184 | D:5      | Noticed a +0 dagger
  6185 | D:5      | Noticed a +0 falchion
  6188 | D:5      | Found a hide-covered altar of Uskayaw.
  6312 | D:5      | Reached skill level 5 in Spellcasting
  7103 | D:5      | Learned a level 4 spell: Olgreb's Toxic Radiance
  7108 | D:5      | Learned a level 2 spell: Poisonous Vapours
  7696 | D:5      | Reached skill level 1 in Poison Magic
  7823 | D:5      | Reached skill level 1 in Air Magic
  8694 | D:6      | Reached skill level 8 in Stealth
  8694 | D:6      | Reached XP level 9. HP: 39/39 MP: 18/18
  8752 | D:6      | Noticed a manticore
  8770 | D:6      | Killed a manticore
  8816 | D:6      | Found a transporter.
  8817 | D:6      | Identified the +5 short sword "Daf Ymia" {holy, Fragile Fly
                  | rPois}
  8820 | D:6      | Found a transporter.
  8820 | D:6      | Noticed spardeous's ghost (novice DgCj)
  9365 | D:6      | Reached skill level 5 in Short Blades
  9387 | D:6      | Found a sand-covered staircase.
  9395 | Ossuary  | Entered an ossuary
 10197 | D:7      | Noticed sleevener's ghost (novice DjCj)
 10248 | D:7      | Found a runed translucent door.
 10267 | D:7      | Reached skill level 9 in Stealth
 11150 | D:8      | Reached XP level 10. HP: 44/44 MP: 16/21
 11174 | D:8      | Found Ygiolo Esaic's Jewellery Emporium.
 11205 | D:8      | Found a flagged portal.
 11241 | Bailey   | Entered a bailey
 11924 | Bailey   | Reached skill level 5 in Poison Magic
 12885 | D:8      | Reached skill level 10 in Stealth
 13007 | D:8      | Noticed a centaur warrior
 13011 | D:8      | Reached skill level 5 in Air Magic
 13016 | D:8      | Shot with an arrow by a centaur warrior

Illustrated notes

Levels and vault maps discovered:
D:1:      heliophobic_arrival_dark_side_of_the_moon, layout_loops_corners
D:2:      layout_basic, basic_altar, kennysheep_small_spiral
D:3:      layout_rooms, minmay_tree_intersection, minmay_door_square,
          minmay_snake_closets
D:4:      layout_cave_pods, minmay_temple_entry_statues_fountains,
          minmay_misc_feat_square, corexii_mini_fake_secret_closet,
          minmay_pentangle, uniq_edmund, uniq_grinder, uniq_eustachio
D:5:      layout_cave_pools, mainiacjoe_overflow_concentric_impassable,
          nicolae_uskayaw_en_pointe, serial_gnoll_camp, grums_kennel,
          gnoll_camp_mini_loothouse, gnoll_camp_mini_hut, gnoll_camp_huts_moat,
          gnoll_camp_mini_basic, gnoll_camp_mini_hut, serial_bayou_crossing
D:6:      layout_basic, gammafunk_ghost_arena, enter_ossuary_1
D:7:      layout_gridville, hellmonk_ghost_happy_afterlife
D:8:      minmay_the_grid_square_5x5_3x3
          [minmay_the_grid_square_5x5_checkered_statues,
          minmay_the_grid_square_5x5_mess, minmay_the_grid_square_5x5_three,
          minmay_the_grid_square_5x5_meh,
          minmay_the_grid_square_5x5_megaprize_open,
          minmay_the_grid_square_5x5_shuriken,
          minmay_the_grid_square_5x5_bracketed,
          minmay_the_grid_square_5x5_minimal, minmay_the_grid_square_5x5_six],
          layout_basic, serial_shops, shop, enter_bailey_7
Temple:   minmay_temple_curvy_loop

Skill      XL: |  1  2  3  4  5  6  7  8  9 10 |
---------------+-------------------------------+-----
Dodging        | 3 4 5 7 |  7.8
Hexes          | 4 5 6 8 |  8.0
Spellcasting   | 3 4 5 6 7 |  7.2
Stealth        | 5 6 8 9 10 | 10.0
Short Blades   | 2 3 4 5 6 |  6.0
Ice Magic      | 1 2 3 4 |  4.0
Poison Magic   | 1 4 5 |  5.6
Air Magic      | 1 3 5 |  5.0

Action                     |  1- 3 |  4- 6 |  7- 9 | 10-12 || total
---------------------------+-------+-------+-------+-------++-------
  Melee: Dagger            |   154 |   192 |   356 |   204 ||   906
         Punch             |     2 |     1 |     9 |     4 ||    16
   Cast: Ensorcelled Hiber |     4 |    22 |    65 |    10 ||   101
         Confusing Touch   |       |     3 |    21 |    13 ||    37
         Poisonous Vapours |       |       |    43 |       ||    43
         Tukima's Dance    |       |       |     8 |    41 ||    49
    Use: Scroll            |     3 |     4 |    11 |     4 ||    22
         Potion            |       |     2 |       |     1 ||     3
   Stab: Sleeping          |    16 |    24 |    70 |     8 ||   118
         Confused          |       |     2 |    20 |     8 ||    30
         Distracted        |       |       |     1 |     2 ||     3
 Armour: Robe              |    18 |    34 |    36 |    26 ||   114
  Dodge: Dodged            |   123 |   184 |   298 |   279 ||   884
